 Dungeon Crawl Stone Soup version 0.29.1-1-gd02db6906a (webtiles) character file.

Game seed: 2545243719268639653

195 RascalDebosk the Chopper (level 5, -3/70 HPs)
             Began as a Minotaur Berserker on Oct 9, 2022.
             Was a Believer of Trog.
             Slain by Pikel
             ... wielding a +2 whip of flaming
              (4 damage)
             ... on level 4 of the Dungeon.
             The game lasted 00:17:30 (3157 turns).

RascalDebosk the Chopper (Minotaur Berserker)       Turns: 3157, Time: 00:17:31

Health: -3/70      AC:  4    Str: 22    XL:     5   Next: 45%
Magic:  4/4        EV: 12    Int:  6    God:    Trog [**....]
Gold:   155        SH:  0    Dex:  9    Spells: 4/4 levels left

rFire   . . .      SeeInvis .   a - +0 hand axe
rCold   . . .      Faith    .   (no shield)
rNeg    . . .      Spirit   .   b - +0 animal skin
rPois   +          Reflect  .   (helmet restricted)
rElec   .          Harm     .   o - +0 cloak
rCorr   .          Rampage  .   s - +0 pair of gloves
Will    +....                   (no boots)
Stlth   ..........              (no amulet)
HPRegen 0.21/turn               c - ring of willpower
MPRegen 0.09/turn               i - ring of poison resistance

@: berserking, very quick
A: horns 2, retaliatory headbutt
a: Renounce Religion, Berserk, Trog's Hand


You were on level 4 of the Dungeon.
You worshipped Trog.
Trog was pleased with you.
You visited 1 branch of the dungeon, and saw 4 of its levels.

You collected 155 gold pieces.

Inventory:

Hand Weapons
 a - a +0 hand axe (weapon)
Missiles
 l - 3 boomerangs (quivered)
Armour
 b - a +0 animal skin (worn)
 o - a +0 cloak (worn)
 s - a +0 pair of gloves (worn)
Jewellery
 c - a ring of willpower (left hand)
 i - a ring of poison resistance (right hand)
Wands
 k - a wand of digging (4)
Scrolls
 d - 2 scrolls of noise {unknown}
 e - a scroll of summoning {unknown}
 g - a scroll of blinking {unknown}
 h - a scroll of identify {unknown}
 j - a scroll of enchant weapon {unknown}
 m - a scroll of enchant armour {unknown}
 n - a scroll of magic mapping {unknown}
 q - a scroll of amnesia {unknown}
 t - 2 scrolls of teleportation {unknown}
Potions
 f - 2 potions of berserk rage {unknown}
 p - a potion of haste {unknown}
 r - a potion of curing {unknown}
 u - a potion of heal wounds


   Skills:
 + Level 4.5 Fighting
 * Level 5.2 Axes
 * Level 2.9 Throwing
 + Level 3.4 Armour
 - Level 2.1 Dodging


You had 4 spell levels left.
You didn't know any spells.
Your spell library was empty.

Dungeon Overview and Level Annotations

Branches:
Dungeon (4/15)
 Temple: D:4-7

Altars:
Hepliaklqana
Qazlal
Sif Muna
Trog

Shops:
D:3 *

Annotations:
D:4 Pikel


Innate Abilities, Weirdness & Mutations

You have a pair of horns on your head.
You reflexively headbutt those who attack you in melee.


Message History

You now have 148 gold pieces (gained 6).
t - a scroll labelled VIOCUV HINKACK
Found a hazy altar of Hepliaklqana.
A bat comes into view.
The bat moves out of view.
The bat closely misses you. You furiously retaliate!
You headbutt the bat!
You kill the bat!
Trog accepts your kill.
Found an escape hatch in the floor.
You now have 155 gold pieces (gained 7).
Found a stone staircase leading down.
There is a stone staircase leading down here.
You see here a +0 whip.
Found a stormy altar of Qazlal.
You see here a Trismegistus Codex.
You see here a Trismegistus Codex.
You see here a jackal skeleton.
u - a potion of heal wounds Partly explored, can't reach some places.
Partly explored, can't reach some places.
There is a stone staircase leading down here.
You climb downwards.
The hobgoblin shouts!
Found a scroll labelled VIOCUV HINKACK.
There is a stone staircase leading up here.
Found 4 stones.
You hit the hobgoblin.
The hobgoblin is heavily wounded.
The hobgoblin barely misses you. You furiously retaliate!
You headbutt the hobgoblin!
You kill the hobgoblin!
Trog accepts your kill.
There is a stone staircase leading up here.
t - 2 scrolls labelled VIOCUV HINKACK (gained 1)
An endoplasm comes into view.
An endoplasm is nearby!
An endoplasm is nearby!
You hit the endoplasm but do no damage. You headbutt the endoplasm.
You kill the endoplasm!
Trog accepts your kill.
Found a stone staircase leading down.
Found a scale mail.
There is a stone staircase leading down here.
An endoplasm comes into view.
Found a stone staircase leading up.
A lemure and a dart slug come into view.
The lemure shouts!
The endoplasm quivers.
Pikel, Merchant of Souls comes into view.
He is wielding a +2 whip of flaming, wearing a +2 robe of willpower and carrying a wand of mindburst (22).
The endoplasm closely misses you.
You hit the endoplasm. You headbutt the endoplasm.
You kill the endoplasm!
Trog accepts your kill.
You hit the dart slug. You headbutt the dart slug.
The dart slug is severely wounded.
The dart slug barely misses you. You furiously retaliate!
You headbutt the dart slug.
You kill the dart slug!
Trog accepts your kill. The lemure hits you.
You see here a dart slug corpse. 2 lemures come into view.
Pikel shouts!
The lemure shouts!
The lemure hits you.
Pikel zaps a wand.
Your mind is blasted!
The lemure hits you.
* * * LOW HITPOINT WARNING * * *
You hit the lemure but do no damage. You closely miss the lemure. x2
The lemure closely misses you. The lemure hits you!
* * * LOW HITPOINT WARNING * * *
The lemure closely misses you.
A red film seems to cover your vision as you go berserk!
You feel yourself moving faster!
You feel mighty! The lemure misses you. You furiously retaliate!
You headbutt the lemure!! The lemure hits you.
* * * LOW HITPOINT WARNING * * *
The lemure misses you.
You slash Pikel! Your headbutt misses Pikel.
Pikel is moderately wounded.
You closely miss the lemure. You barely miss the lemure.
You closely miss the lemure. You hit Pikel.
Pikel is heavily wounded.
You hit the lemure but do no damage. You barely miss the lemure.
You closely miss the lemure. The lemure hits you.
* * * LOW HITPOINT WARNING * * *
The lemure hits you.
* * * LOW HITPOINT WARNING * * *
Pikel hits you with a +2 whip of flaming.
* * * LOW HITPOINT WARNING * * *
Pikel burns you.
* * * LOW HITPOINT WARNING * * *
The lemure hits you.
* * * LOW HITPOINT WARNING * * *
You closely miss Pikel. You headbutt Pikel.
Pikel is heavily wounded.
You hit the lemure. You closely miss the lemure. You miss the lemure.
The lemure hits you but does no damage. The lemure barely misses you.
Pikel hits you with a +2 whip of flaming.
You die...

##.##.##.#.###.
##...#.##.#.###.
###.#.#........##.
#.................
###
#.#.#.#.####....##
.....#####.##..>##
#.....#
#.....†..##.##
#.###.##
#######5.##.#####.#
#...
#.5@.##.....#.#
###.
#.<5K..#####.#.# #.
#.......#.... #.#
#. #.##......##.#
#.# #. # ##.##.## #
#.# ## #. .# #.# #.
.# #. .#


You could see Pikel and 3 lemures.

Vanquished Creatures
  An orc priest (D:3)
  Crazy Yiuf (D:2)
  5 adders
  2 worms (D:2)
  5 dart slugs
  5 orcs (D:3)
  6 bats
  6 endoplasms
  6 giant cockroaches
  3 goblins
  3 hobgoblins
  6 jackals
  4 kobolds
  A quokka (D:1)
  8 ball pythons
  A frilled lizard (D:2)
  4 rats
67 creatures vanquished.

Vanquished Creatures (others)
  5 fungi (D:2)
  A plant (D:3)
6 creatures vanquished.

Grand Total: 73 creatures vanquished

Notes
Turn   | Place    | Note
-------+----------+-------------------------------------------
     0 | D:1      | RascalDebosk the Minotaur Berserker began the quest for the
                  | Orb.
     0 | D:1      | Reached XP level 1. HP: 19/19 MP: 0/0
   239 | D:1      | Reached XP level 2. HP: 24/27 MP: 1/1
   361 | D:1      | Reached skill level 1 in Throwing
   365 | D:1      | Reached skill level 4 in Axes
   618 | D:1      | Found a faded altar of an unknown god.
   773 | D:1      | Reached XP level 3. HP: 31/33 MP: 2/2
  1321 | D:2      | Reached ** piety under Trog
  1909 | D:2      | Reached XP level 4. HP: 40/40 MP: 3/3
  1917 | D:2      | Found a runed translucent door.
  1918 | D:2      | Noticed Crazy Yiuf
  1959 | D:2      | Killed Crazy Yiuf
  2389 | D:3      | Found a bloodstained altar of Trog.
  2417 | D:3      | Found a shimmering blue altar of Sif Muna.
  2574 | D:3      | Reached skill level 5 in Axes
  2574 | D:3      | Reached XP level 5. HP: 41/47 MP: 4/4
  2669 | D:3      | Found Zoim's Assorted Antiques.
  2836 | D:3      | Found a hazy altar of Hepliaklqana.
  2903 | D:3      | Found a stormy altar of Qazlal.
  3143 | D:4      | Noticed a lemure
  3143 | D:4      | Noticed Pikel
  3151 | D:4      | Noticed a lemure
  3151 | D:4      | Noticed a lemure
  3156 | D:4      | HP: 3/70 [Pikel/+2 whip of flaming (1)]
  3156 | D:4      | HP: 1/70 [lemure[Pikel] (2)]
  3157 | D:4      | Slain by Pikel

Illustrated notes

Levels and vault maps discovered:
D:1:      evilmike_arrival_home_sweet_home, layout_loops_ring,
          hellmonk_ecumenical_altar_run_dry, kennysheep_nondescript,
          serial_park_tiny_pond
D:2:      layout_basic, dreamdust_mushroom_princess, uniq_crazy_yiuf_cottage
D:3:      layout_loops_ring, lemuel_tele_altar,
          nicolae_hepliaklqana_hazy_memory, mainiacjoe_overflow_alcove_2,
          led_sif_pool, serial_shops, shop
D:4:      layout_loops_ring, lightli_temple_of_fire, minmay_temple_entry_arrows,
          serial_shops, nicolae_shop_hallway_stairs, uniq_edmund, uniq_pikel

Skill      XL: |  1  2  3  4 |
---------------+-------------+-----
Throwing       | 1 2 |  2.9
Axes           | 4 5 |  5.2
Fighting       | 4 |  4.5
Armour         | 3 |  3.4
Dodging        | |  2.1

Action                   |  1- 3 |  4- 6 || total
-------------------------+-------+-------++-------
Melee: Hand axe          |    92 |    54 ||   146
       Headbutt          |    10 |    10 ||    20
Throw: Boomerang         |       |     8 ||     8
Invok: Berserk           |     2 |     2 ||     4
Armor: Animal skin       |    32 |    12 ||    44
Dodge: Dodged            |    82 |    37 ||   119
